 Dungeon Crawl Stone Soup version 0.26-a0-737-g4e9f4955e2 (webtiles) character file.

Game seed: 6269705245089611985

44 Forecaster the Stinger (level 3, 0/28 HPs)
             Began as a Naga Venom Mage on Nov 4, 2020.
             Slain by a goblin
             ... wielding a +0 dagger
             ... led by Robin
              (2 damage)
             ... on level 2 of the Dungeon.
             The game lasted 00:03:38 (1784 turns).

Forecaster the Stinger (Naga Venom Mage)            Turns: 1784, Time: 00:03:39

Health: 0/28       AC:  2    Str: 10    XL:     3   Next: 60%
Magic:  1/6        EV: 10    Int: 16    God:
Gold:   73         SH:  0    Dex: 11    Spells: 3/6 levels left

rFire    . . .     SeeInvis +   b - +1 short sword
rCold    . . .     Faith    .   (no shield)
rNeg     . . .     Spirit   .   a - +0 robe
rPois    +         Reflect  .   (no helmet)
rElec    .         Harm     .   (no cloak)
rCorr    .         Rampage  .   (no gloves)
MR       .....                  (no barding)
Stlth    ++........             (no amulet)
HPRegen  0.09/turn              (no ring)
MPRegen  0.10/turn              (no ring)

@: very slow
A: large, see invisible, deformed body, poison resistance, slowness 2, spit
poison 1, AC +1
a: Spit Poison


You were on level 2 of the Dungeon.
You visited 1 branch of the dungeon, and saw 2 of its levels.

You collected 73 gold pieces.

Inventory:

Hand Weapons
 b - a +1 short sword (weapon)
Armour
 a - a +0 robe (worn)
Scrolls
 c - a scroll of immolation
 f - 2 scrolls of enchant weapon
 j - a scroll of remove curse {unknown}
 k - a scroll of enchant armour {unknown}
Potions
 d - a potion of degeneration {unknown}
 e - 2 potions of flight {unknown}
 g - a potion of curing {unknown}
 h - 2 potions of cancellation {unknown}
 i - a potion of heal wounds {unknown}


   Skills:
 + Level 0.1 Fighting
 + Level 0.3 Short Blades
 + Level 1.7 Dodging
 + Level 3.0 Stealth
 + Level 2.2 Spellcasting
 + Level 1.0 Transmutations
 + Level 1.0 Air Magic
 + Level 5.2 Poison Magic


You had 3 spell levels left.
You knew the following spells:

 Your Spells              Type           Power        Failure   Level
a - Sting                 Tmut/Pois      ##..         5%          1
b - Poisonous Vapours     Pois/Air       ##....       9%          2

Your spell library contained the following spells:

 Spells                   Type           Power        Failure   Level
 Ignite Poison            Fire/Tmut/Pois #.......     26%         3
 Mephitic Cloud           Conj/Pois/Air  #.......     26%         3
 Olgreb's Toxic Radiance  Pois           ###.....     24%         4


Dungeon Overview and Level Annotations

Branches:
Dungeon (2/15)

Altars:

Annotations:
D:2 Robin


Innate Abilities, Weirdness & Mutations

You cannot wear boots.
Your serpentine skin is tough. (AC +1)
You have supernaturally acute eyesight. (SInv)
Armour fits poorly on your strangely shaped body.
Your system is resistant to poisons. (rPois)
You cover ground very slowly.
You can spit poison.


Message History

You hit Robin.
Robin is lightly wounded.
The goblin no longer looks unusually strong.
The goblin closely misses you.
Robin says, "A pitiful Naga like you will never find the ORB!"
Robin roars a battlecry!
The goblin goes into a battle-frenzy!
The goblin hits you with a +0 dagger.
* * * LOW HITPOINT WARNING * * *
Robin says, "My goblins will feast on your bones."
Robin throws the goblin at you!
* * * LOW HITPOINT WARNING * * *
You hit Robin.
Robin is moderately wounded.
The goblin misses you. Robin hits you with a +0 dagger.
* * * LOW HITPOINT WARNING * * *
You hit Robin.
Robin is moderately wounded.
The goblin hits you with a +0 dagger.
You die...

#.# #.#....# #.#
#.#....# #.# #.#....#
# ###.###.#....# ..
#.......#....# #.
#.#.###.#....# #.#
#.#.....#....# ...#
#.#####.#.g..# #...
#.......#@...#
#...############g...#
#...).†........<..#
#.#..################
g....†.......
.............
?g##..####### .. .g.#
. ....#


You could see Robin and a goblin (strong).

Vanquished Creatures
  A worm (D:2)
  4 dart slugs (D:1)
  2 giant cockroaches (D:1)
  6 goblins
  5 hobgoblins
  3 kobolds
  A ball python (D:1)
  3 bats (D:1)
  A frilled lizard (D:1)
  5 rats (D:1)
31 creatures vanquished.

Notes
Turn   | Place    | Note
-------+----------+-------------------------------------------
     0 | D:1      | Forecaster the Naga Venom Mage began the quest for the Orb.
     0 | D:1      | Reached XP level 1. HP: 15/15 MP: 3/3
    36 | D:1      | Reached XP level 2. HP: 1/22 MP: 0/5
    40 | D:1      | Learned a level 2 spell: Poisonous Vapours
   809 | D:1      | Reached skill level 5 in Poison Magic
  1183 | D:1      | Reached XP level 3. HP: 28/28 MP: 1/6
  1760 | D:2      | Noticed Robin
  1760 | D:2      | Reached skill level 1 in Air Magic
  1784 | D:2      | Slain by a goblin

Illustrated notes

Levels and vault maps discovered:
D:1:      psy_arrival_terrarium, layout_loops_ring, minmay_tetromino_s4
D:2:      layout_basic, chequers_ecumenical_altar_simple, uniq_robin,
          uniq_natasha

Skill      XL: |  1  2  3 |
---------------+----------+-----
Poison Magic   | 5 |  5.2
Air Magic      | 1 |  1.0
Fighting       | |  0.1
Short Blades   | |  0.3
Dodging        | |  1.7
Stealth        | |  3.0
Spellcasting   | |  2.2
Transmutations | |  1.0

Action                   || total
-------------------------++-------
Melee: Short sword       ||    47
       Unarmed           ||     1
 Cast: Sting             ||     4
       Poisonous Vapours ||    32
  Use: Scroll            ||     2
Armor: Robe              ||     6
Dodge: Dodged            ||    18

Table legend: (Time is in decaauts)
 A = Elapsed time spent in this place.
 B = Non-inter-level travel time spent in this place.
 C = Inter-level travel time spent in this place.
 D = Time resting spent in this place.
 E = Time spent auto-exploring this place.
 F = Levels seen in this place.
 G = Mean time per level.
                   A        B        C        D        E       F      G
               +--------+--------+--------+--------+--------+-----+--------+
         Total |   2027 |   1954 |     73 |    653 |   1051 |   2 | 1013.5 |
       Dungeon |   2027 |   1954 |     73 |    653 |   1051 |   2 | 1013.5 |
               +--------+--------+--------+--------+--------+-----+--------+

Top non-repeatable levels by time:
     D:1: 1795 daAuts
     D:2: 232 daAuts
